[Event "ICC tourney 2834 (40 10)"]
[Site "Internet Chess Club"]
[Date "2022.02.26"]
[Round "3"]
[White "TOPA, RONALD:RonTopa"]
[Black "WU, DARREN:chessboy111"]
[Result "0-1"]
[ICCResult "White resigns"]
[WhiteElo "1228"]
[BlackElo "768"]
[Opening "QGD: 4.Nf3"]
[ECO "D37"]
[NIC "QO.16"]
[Time "15:30:47"]
[PlyCount "88"]
[TimeControl "2400+10"]

1. d4 d5 2. c4 e6 3. Nc3 Nf6 4. Nf3 Be7 5. e3 O-O 6. Bd3 a6 7. O-O dxc4 8.
Bxc4 b5 9. Be2 Bb7 10. a3 c5 11. dxc5 Bxc5 12. Qxd8 Rxd8 13. Rd1 Nc6 14. b4
Be7 15. Bb2 Rac8 16. Rd3 Rxd3 17. Bxd3 Rd8 18. Rd1 Nd5 19. Nxd5 Rxd5 20. Bc2
Rxd1+ 21. Bxd1 Kf8 22. Bc3 g6 23. h4 h5 24. Bc2 Ke8 25. Ng5 Bxg5 26. hxg5
Kd7 27. f4 Kd6 28. Kf2 Kd5 29. Kf3 Kc4 30. Bd2 Nd4+ 31. Kf2 Nxc2 32. Bc1 Kb3
33. Ke2 Nxa3 34. Kd3 Kxb4 35. Kd4 Nc2+ 36. Ke5 a5 37. Kf6 a4 38. Kxf7 a3 39.
Bxa3+ Kxa3 40. Kxg6 b4 41. Kxh5 Be4 42. g4 b3 43. f5 exf5 44. gxf5 Bxf5
{White resigns}
0-1

[Event "ICC tourney 2834 (40 10)"]
[Site "Internet Chess Club"]
[Date "2022.02.26"]
[Round "3"]
[White "ZHOU, ALEXANDER ZHENG:Lailaiking"]
[Black "BOGIN, THEODORE:tbogin1"]
[Result "0-1"]
[ICCResult "White checkmated"]
[WhiteElo "1109"]
[BlackElo "1339"]
[Opening "Sicilian: Najdorf, Lipnitzky attack"]
[ECO "B86"]
[NIC "SI.13"]
[Time "15:32:05"]
[PlyCount "110"]
[TimeControl "2400+10"]

1. e4 c5 2. Nf3 d6 3. d4 cxd4 4. Nxd4 Nf6 5. Nc3 a6 6. Bc4 e6 7. O-O b5 8.
Bb3 b4 9. Ba4+ Bd7 10. Bxd7+ Qxd7 11. Nce2 Nxe4 12. f3 Nf6 13. Bg5 Be7 14.
Rc1 d5 15. c3 O-O 16. cxb4 Bxb4 17. Bxf6 gxf6 18. Qc2 f5 19. f4 Bd6 20. Qc6
Nxc6 21. Rxc6 Rfc8 22. Rfc1 Rxc6 23. Rxc6 Rc8 24. Rxa6 Bf8 25. a4 Bg7 26. a5
Bxd4+ 27. Nxd4 Rc4 28. Ne2 d4 29. Rb6 d3 30. Nc3 Rxc3 31. bxc3 d2 32. Rb8+
Kg7 33. Rb1 d1=Q+ 34. Rxd1 Qxd1+ 35. Kf2 Qa4 36. Kg3 Qxa5 37. Kf2 Qxc3 38.
Kf1 Qc1+ 39. Kf2 Qxf4+ 40. Kg1 e5 41. g3 Qf3 42. g4 e4 43. h4 e3 44. gxf5 e2
45. f6+ Kg6 46. h5+ Kxh5 47. Kh2 Qg4 48. Kh1 e1=Q+ 49. Kh2 Qh1+ 50. Kxh1 Kh4
51. Kh2 Qg3+ 52. Kh1 Qf3+ 53. Kh2 Qe2+ 54. Kh1 Kg3 55. Kg1 Qe1#
{White checkmated}
0-1

[Event "ICC tourney 2834 (40 10)"]
[Site "Internet Chess Club"]
[Date "2022.02.26"]
[Round "3"]
[White "Nagarajan, Ramesh:rnagaraj"]
[Black "DING, OLIVIA:antpower0"]
[Result "1-0"]
[ICCResult "Black checkmated"]
[WhiteElo "1282"]
[BlackElo "814"]
[Opening "Sicilian"]
[ECO "B50"]
[NIC "SI.01"]
[Time "15:30:17"]
[PlyCount "91"]
[TimeControl "2400+10"]

1. e4 c5 2. Nf3 d6 3. Bc4 Nf6 4. Nc3 e6 5. d4 Bd7 6. dxc5 dxc5 7. e5 Nd5 8.
Nxd5 exd5 9. Qxd5 Be6 10. Bb5+ Nd7 11. Qxb7 Rb8 12. Bxd7+ Bxd7 13. Qd5 Be7
14. O-O O-O 15. b3 Bb5 16. Qxd8 Rbxd8 17. Re1 Bc6 18. c4 Rd7 19. Be3 Rfd8
20. Kf1 f6 21. Rac1 Bxf3 22. gxf3 fxe5 23. Ke2 Bd6 24. Rcd1 Re7 25. Bg5 Red7
26. Bxd8 Rxd8 27. Rd5 h6 28. Red1 Kf7 29. Rxd6 Rxd6 30. Rxd6 Ke7 31. Ra6 Kf7
32. Rxa7+ Kg6 33. Ra5 Kf5 34. Rxc5 Kf4 35. a4 e4 36. fxe4 Kxe4 37. a5 Kd4
38. Rc7 Kc3 39. a6 Kxb3 40. a7 Kc3 41. a8=Q Kd4 42. Qd5+ Kc3 43. Qd3+ Kb2
44. Rb7+ Ka2 45. Qc3 g5 46. Qb2# {Black checkmated} 1-0

[Event "ICC tourney 2834 (40 10)"]
[Site "Internet Chess Club"]
[Date "2022.02.26"]
[Round "3"]
[White "HAMLETT, JAMES MORRISON:Hamlett144"]
[Black "FILOSOFOV, VASILII:Filosofov"]
[Result "1-0"]
[ICCResult "Black resigns"]
[WhiteElo "1216"]
[BlackElo "1379"]
[Opening "French defense"]
[ECO "C00"]
[NIC "FR.01"]
[Time "15:30:13"]
[PlyCount "87"]
[TimeControl "2400+10"]

1. e4 e6 2. Nc3 d5 3. exd5 exd5 4. d4 Nf6 5. Bd3 Bd6 6. Qe2+ Be6 7. Nf3 Nc6
8. O-O O-O 9. Bg5 Re8 10. Qd2 Be7 11. Bxf6 Bxf6 12. Ne2 Bg4 13. c3 Qd6 14.
Ng3 Na5 15. Ng5 Bxg5 16. Qxg5 Bd7 17. Nh5 g6 18. Nf6+ Kg7 19. Nxe8+ Rxe8 20.
Rfe1 Nc4 21. Bxc4 dxc4 22. Rxe8 Bxe8 23. Qe5+ Qxe5 24. dxe5 Bd7 25. Rd1 Be6
26. f4 g5 27. g3 Kg6 28. Rd8 gxf4 29. gxf4 Kf5 30. Rh8 Kxf4 31. Rxh7 Kxe5
32. Rg7 Kf6 33. Rg3 Bf5 34. h4 Bg6 35. Kf2 Ke5 36. Ke3 c5 37. Rg5+ Bf5 38.
h5 Kf6 39. Rg1 b5 40. h6 a5 41. Rf1 Kg6 42. Rxf5 Kxf5 43. h7 b4 44. h8=Q
{Black resigns}
1-0

[Event "ICC tourney 2834 (40 10)"]
[Site "Internet Chess Club"]
[Date "2022.02.26"]
[Round "3"]
[White "HUANG, BRIAN:Checkmater2228"]
[Black "JACOBS, STEVE:Steviejay"]
[Result "0-1"]
[ICCResult "White checkmated"]
[WhiteElo "857"]
[BlackElo "1229"]
[Opening "Caro-Kann: exchange variation"]
[ECO "B13"]
[NIC "CK.02"]
[Time "15:30:25"]
[PlyCount "114"]
[TimeControl "2400+10"]

1. e4 c6 2. d4 d5 3. exd5 cxd5 4. Bd3 Nc6 5. Be3 Nb4 6. Nc3 Nxd3+ 7. Qxd3
Nf6 8. Nf3 g6 9. Bf4 a6 10. Na4 Qa5+ 11. Nc3 Bg7 12. a3 Bf5 13. Qe2 Ne4 14.
O-O Nxc3 15. bxc3 Qxc3 16. Rfe1 e6 17. Be5 Bxe5 18. Qxe5 O-O 19. Rad1 Qxa3
20. Re3 Qe7 21. Nh4 Qxh4 22. Rg3 Qe4 23. Qf6 Qxc2 24. Re1 Rac8 25. h4 h5 26.
Qg5 Kh7 27. Qf4 Rc3 28. Rxc3 Qxc3 29. Re3 Qc1+ 30. Kh2 Rc8 31. Qe5 Qc7 32.
Qxc7 Rxc7 33. Rb3 b5 34. Ra3 Ra7 35. Kg3 b4 36. Rb3 a5 37. Kf3 Rc7 38. Rb2
Rc3+ 39. Ke2 Rc2+ 40. Rxc2 Bxc2 41. Kd2 b3 42. Kc1 a4 43. Kb2 Bd3 44. Ka3
Bb5 45. Kb2 f6 46. Kb1 a3 47. Ka1 b2+ 48. Ka2 Bd3 49. Kxa3 b1=Q 50. Ka4 Kg7
51. g3 Kf7 52. f4 f5 53. Ka3 Ke7 54. Ka4 Kd7 55. Ka3 Kc6 56. Ka4 Bc2+ 57.
Ka5 Qb5# {White checkmated} 0-1

[Event "ICC tourney 2834 (40 10)"]
[Site "Internet Chess Club"]
[Date "2022.02.26"]
[Round "3"]
[White "Li, Aaron:WindySmart"]
[Black "Pao, Hobart:hhp2122"]
[Result "0-1"]
[ICCResult "White checkmated"]
[WhiteElo "687"]
[BlackElo "1285"]
[Opening "French: advance, Paulsen attack"]
[ECO "C02"]
[NIC "FR.03"]
[Time "15:30:24"]
[PlyCount "104"]
[TimeControl "2400+10"]

1. e4 e6 2. d4 d5 3. e5 c5 4. c3 Nc6 5. Nf3 Qb6 6. b3 cxd4 7. cxd4 Bb4+ 8.
Bd2 Nxd4 9. Bxb4 Nxf3+ 10. Qxf3 Qxb4+ 11. Nd2 Ne7 12. Qd3 O-O 13. Be2 Ng6
14. Qe3 Bd7 15. O-O Rfc8 16. f4 Qc5 17. Qxc5 Rxc5 18. g3 Rac8 19. Nf3 Bb5
20. Bxb5 Rxb5 21. Rac1 Rbc5 22. Ra1 b5 23. Nd2 a5 24. a3 Rc2 25. Nf3 Ne7 26.
Nd4 R2c5 27. a4 b4 28. Nb5 Nf5 29. Rfe1 h5 30. Kg2 Rc2+ 31. Kg1 Rb2 32. Rab1
Rcc2 33. Rxb2 Rxb2 34. Nd6 Nd4 35. Rc1 Ne2+ 36. Kf1 Nxc1 37. h3 Nxb3 38. g4
d4 39. Nc4 Rh2 40. gxh5 d3 41. Ke1 d2+ 42. Nxd2 Nxd2 43. Kd1 b3 44. Kc1 Nc4
45. Kb1 b2 46. h6 Rh1+ 47. Kc2 b1=Q+ 48. Kc3 Rc1+ 49. Kd4 Qb3 50. Kc5 Nb6+
51. Kd6 Qd5+ 52. Ke7 Qd7# {White checkmated} 0-1

[Event "ICC tourney 2834 (40 10)"]
[Site "Internet Chess Club"]
[Date "2022.02.26"]
[Round "3"]
[White "Lin, James:MeLikeGame"]
[Black "YUAN, DAVID:David1250"]
[Result "1/2-1/2"]
[ICCResult "Game drawn by mutual agreement"]
[WhiteElo "1392"]
[BlackElo "1293"]
[Opening "Two knights defense (Modern bishop's opening)"]
[ECO "C55"]
[NIC "IG.01"]
[Time "15:30:15"]
[PlyCount "138"]
[TimeControl "2400+10"]

1. e4 e5 2. Nf3 Nc6 3. Bc4 Nf6 4. d3 h6 5. O-O Bc5 6. c3 O-O 7. Be3 Bxe3 8.
fxe3 d5 9. exd5 Nxd5 10. Qe1 Re8 11. e4 Nb6 12. Bb3 Qxd3 13. Nbd2 Be6 14.
Bd1 f5 15. Be2 Qd6 16. Rd1 Qc5+ 17. Kh1 f4 18. Nb3 Bxb3 19. axb3 Rad8 20. b4
Qe3 21. Bb5 Rxd1 22. Qxd1 Qxe4 23. Qb3+ Qd5 24. c4 Qe6 25. Re1 e4 26. Nd2
Nd4 27. Qa2 Nxb5 28. Rxe4 Qf7 29. Rxe8+ Qxe8 30. cxb5+ Kh8 31. Nf3 Qe2 32.
Qxa7 Qxb5 33. Qxb7 Qxb4 34. Qxc7 Qxb2 35. Qxf4 Qb5 36. h3 Na4 37. Qf8+ Kh7
38. Qc8 Qb1+ 39. Kh2 Nb2 40. Qb7 Qc2 41. Nd4 Qb1 42. Nf3 Qa2 43. Qe4+ Kh8
44. Qc2 Qa3 45. Qc8+ Kh7 46. Qf5+ Kg8 47. Qg6 Qf8 48. Qe6+ Kh8 49. Qe5 Nd3
50. Qc7 Qf4+ 51. Qxf4 Nxf4 52. Kg3 Nh5+ 53. Kg4 Nf6+ 54. Kf4 Kg8 55. Ke5 Kf7
56. g4 Nd7+ 57. Kf5 g6+ 58. Kf4 Kf6 59. h4 Nc5 60. Ke3 Ke6 61. Nd4+ Kd5 62.
Nf3 Ne4 63. Kf4 Nf6 64. g5 Nh5+ 65. Kg4 hxg5 66. hxg5 Ke4 67. Nh4 Nf4 68.
Nxg6 Nxg6 69. Kh5 Kf5 {Game drawn by mutual agreement} 1/2-1/2

[Event "ICC tourney 2834 (40 10)"]
[Site "Internet Chess Club"]
[Date "2022.02.26"]
[Round "3"]
[White "PADIYAR, SUNMAY:sunmay12"]
[Black "SISTA, SAI VIJAY HIMAGHNA:Chessboy5"]
[Result "0-1"]
[ICCResult "White resigns"]
[WhiteElo "1320"]
[BlackElo "1394"]
[Opening "Sicilian: Alapin's variation (2.c3)"]
[ECO "B22"]
[NIC "SI.46"]
[Time "15:30:29"]
[PlyCount "142"]
[TimeControl "2400+10"]

1. e4 c5 2. c3 d5 3. exd5 Qxd5 4. Nf3 Nc6 5. Na3 Bg4 6. Be2 Nf6 7. O-O e6 8.
Nb5 Qd8 9. d3 a6 10. Na3 Bd6 11. Bg5 h6 12. Bh4 O-O 13. Nc2 Be7 14. Bg3 Qb6
15. Rb1 Rad8 16. Ne3 Bh5 17. Nc4 Qa7 18. Bc7 Rd7 19. Bb6 Qb8 20. Qc2 e5 21.
Rfe1 Bg6 22. Nh4 Bh7 23. Rbd1 e4 24. dxe4 Bxe4 25. Bd3 Ng4 26. g3 Bxd3 27.
Rxd3 Rxd3 28. Qxd3 Bxh4 29. Qf5 Bxg3 30. hxg3 Nf6 31. Bxc5 Re8 32. Rxe8+
Qxe8 33. Nd6 Qe1+ 34. Kg2 Ne7 35. Qf3 b5 36. Qa8+ Kh7 37. Nxf7 Ned5 38. Nd6
Qe5 39. Qh8+ Kg6 40. Qc8 Ne7 41. Qb7 Qxc5 42. Qxe7 Qd5+ 43. Kg1 Qxa2 44. Qe2
Qd5 45. Qc2+ Kg5 46. f4+ Kg4 47. Qg6+ Kh3 48. Qf5+ Kxg3 49. Qxd5 Nxd5 50.
Nf5+ Kxf4 51. Nxg7 a5 52. Ne6+ Ke5 53. Nc5 a4 54. Kf2 Kd6 55. Ne4+ Kc6 56.
Ke2 h5 57. Kf3 Kd7 58. c4 bxc4 59. Nc5+ Kc6 60. Nxa4 Kb5 61. b3 cxb3 62. Nb2
Kb4 63. Kg3 Ka3 64. Nc4+ Kb4 65. Nb2 Nb6 66. Kh4 Na4 67. Nd1 Kc4 68. Kxh5
Kd3 69. Nf2+ Ke2 70. Ne4 b2 71. Ng3+ Kf3 {White resigns} 0-1

[Event "ICC tourney 2834 (40 10)"]
[Site "Internet Chess Club"]
[Date "2022.02.26"]
[Round "3"]
[White "JIMENEZ, LUIS A:eltuna"]
[Black "GUO, MAX:salamenceg"]
[Result "1-0"]
[ICCResult "Black resigns"]
[WhiteElo "1440"]
[BlackElo "1220"]
[Opening "Réti opening"]
[ECO "A05"]
[NIC "QP.11"]
[Time "15:30:37"]
[PlyCount "119"]
[TimeControl "2400+10"]

1. Nf3 Nf6 2. b3 g6 3. Bb2 Bg7 4. e3 O-O 5. Be2 Nc6 6. d4 d5 7. O-O Bf5 8.
Nbd2 Qd7 9. a3 a5 10. c4 Rad8 11. Re1 Ne4 12. cxd5 Qxd5 13. Bc4 Qd6 14. Qe2
Rfe8 15. Nxe4 Bxe4 16. Bxf7+ Kxf7 17. Ng5+ Kg8 18. Nxe4 Qd5 19. Nd2 e5 20.
e4 Qd7 21. Qc4+ Kh8 22. d5 Nd4 23. b4 b5 24. Qd3 a4 25. Rac1 Rf8 26. Bxd4
exd4 27. Nf3 Qf7 28. Re2 Qf4 29. Qd2 d3 30. Qxf4 Rxf4 31. Rd2 Bh6 32. Rcd1
Rxe4 33. Rxd3 Rc4 34. Ne5 Rf4 35. g3 Rf5 36. Nc6 Rdf8 37. Rf1 Rf3 38. Rxf3
Rxf3 39. Na7 Rxa3 40. Nxb5 Rb3 41. Nxc7 a3 42. Ra1 Bg7 43. Ra2 Be5 44. Nb5
Rxb4 45. Nxa3 Ra4 46. Re2 Bxg3 47. hxg3 Rxa3 48. Rd2 Ra8 49. Kg2 Kg7 50. Kf3
Rd8 51. Ke4 Kf6 52. Kd4 h5 53. Re2 Kf7 54. f4 Re8 55. Rxe8 Kxe8 56. Ke5 Ke7
57. d6+ Kd7 58. Kd5 Ke8 59. Ke6 Kd8 60. d7 {Black resigns} 1-0

[Event "ICC tourney 2834 (40 10)"]
[Site "Internet Chess Club"]
[Date "2022.02.26"]
[Round "3"]
[White "STONE, GILBERT L:tightfist"]
[Black "THAPER, RISHUBH:MajorKey"]
[Result "1-0"]
[ICCResult "Black resigns"]
[WhiteElo "1317"]
[BlackElo "1123"]
[Opening "QGD semi-Slav: 5...Nd7"]
[ECO "D45"]
[NIC "SL.08"]
[Time "15:32:02"]
[PlyCount "45"]
[TimeControl "2400+10"]

1. Nf3 d5 2. d4 Nf6 3. e3 e6 4. c4 c6 5. Nc3 Nbd7 6. a3 Be7 7. b4 dxc4 8.
Bxc4 b5 9. Bd3 Bb7 10. O-O O-O 11. Bb2 a5 12. bxa5 Qxa5 13. Ne4 c5 14. Bc3
Qc7 15. Nxf6+ Nxf6 16. Bxb5 cxd4 17. Bxd4 Ng4 18. g3 Qd6 19. a4 Qd5 20. Be2
Qh5 21. Nh4 Qd5 22. Bf3 Qh5 23. Bxg4 {Black resigns} 1-0

[Event "ICC tourney 2834 (40 10)"]
[Site "Internet Chess Club"]
[Date "2022.02.26"]
[Round "3"]
[White "CAI, ALAN ZHUOCHENG:flying-ninja"]
[Black "JAIN, PARINYA:StockAlpha2020"]
[Result "1-0"]
[ICCResult "Black checkmated"]
[WhiteElo "1344"]
[BlackElo "1478"]
[Opening "Ruy Lopez: 5.O-O"]
[ECO "C78"]
[NIC "RL.12"]
[Time "15:30:14"]
[PlyCount "139"]
[TimeControl "2400+10"]

1. e4 e5 2. Nf3 Nc6 3. Bb5 a6 4. Ba4 Nf6 5. O-O b5 6. Bb3 Bc5 7. c3 d6 8. h3
O-O 9. Re1 h6 10. d4 exd4 11. cxd4 Bb4 12. Bd2 Bxd2 13. Nbxd2 Na5 14. Rc1
Nxb3 15. Qxb3 Bb7 16. d5 Re8 17. Nd4 Nd7 18. Qc3 Rc8 19. b4 Qg5 20. Re3 Ne5
21. Rg3 Qf6 22. Nf5 Ng6 23. Qxf6 gxf6 24. Nxh6+ Kg7 25. Nf5+ Kh7 26. Rgc3
Nf4 27. Kf1 Bxd5 28. exd5 Ne2 29. Nxd6 Nxc1 30. Nxe8 Nxa2 31. Nxf6+ Kg6 32.
Rf3 Nxb4 33. Nde4 Rd8 34. Rg3+ Kh6 35. Ng8+ Kh7 36. Ng5+ Kxg8 37. Ne6+ Kh7
38. Nxd8 Nxd5 39. Nc6 b4 40. Rd3 Nf4 41. Rd4 Ne6 42. Rxb4 Nc5 43. Rc4 Ne6
44. Ra4 Nc5 45. Ra5 Nd7 46. Rxa6 Kg7 47. Ra7 Kf6 48. Rxc7 Ke6 49. Rxd7 Kxd7
50. Ne5+ Ke6 51. Ng4 f5 52. Ne3 Ke5 53. Ke2 Kf4 54. g3+ Kg5 55. Kf3 Kg6 56.
Kf4 Kf6 57. h4 Kg6 58. Nd5 Kh6 59. Kxf5 Kg7 60. h5 Kh6 61. g4 Kh7 62. Kf6
Kh6 63. g5+ Kh7 64. g6+ Kg8 65. h6 Kh8 66. g7+ Kh7 67. Kf7 Kxh6 68. g8=Q Kh5
69. Nf4+ Kh4 70. Qg3# {Black checkmated} 1-0

[Event "ICC tourney 2834 (40 10)"]
[Site "Internet Chess Club"]
[Date "2022.02.26"]
[Round "3"]
[White "PARAGUA, MEGAN ALTHEA:PrincessOfChess"]
[Black "Francis-Emonds, Nico Maximilian:nemonds9"]
[Result "1-0"]
[ICCResult "Black checkmated"]
[WhiteElo "1490"]
[BlackElo "1365"]
[Opening "Scandinavian (center counter) defense"]
[ECO "B01"]
[NIC "SD.02"]
[Time "15:30:17"]
[PlyCount "91"]
[TimeControl "2400+10"]

1. e4 d5 2. exd5 Qxd5 3. Nc3 Qd8 4. d4 e6 5. Nf3 g6 6. Be2 Bg7 7. O-O Ne7 8.
Bf4 c6 9. Ne4 O-O 10. Nd6 b6 11. Nxc8 Qxc8 12. c3 Nd7 13. Rc1 c5 14. Qa4 a6
15. Bd6 Re8 16. dxc5 Nxc5 17. Qa3 Nd5 18. Rfd1 Ne4 19. c4 Ndf6 20. h3 Nxd6
21. Qxd6 Qb7 22. Ng5 Rac8 23. Bf3 Qc7 24. Ne4 Nxe4 25. Bxe4 Bxb2 26. Rb1 Be5
27. Qxc7 Rxc7 28. Rxb6 Rxc4 29. Bf3 a5 30. Rb5 Bc7 31. g3 Rd8 32. Rxd8+ Bxd8
33. Rb8 Rd4 34. a4 Kg7 35. Bc6 Be7 36. Rb7 Kf6 37. Ra7 Bb4 38. Be8 Kg5 39.
Rxf7 Kh6 40. g4 Bd2 41. Kg2 Bg5 42. Kg3 Rd3+ 43. f3 Rc3 44. h4 Bxh4+ 45.
Kxh4 Rc1 46. g5# {Black checkmated} 1-0

[Event "ICC tourney 2834 (40 10)"]
[Site "Internet Chess Club"]
[Date "2022.02.26"]
[Round "4"]
[White "WU, DARREN:chessboy111"]
[Black "GUO, MAX:salamenceg"]
[Result "1-0"]
[ICCResult "Black resigns"]
[WhiteElo "768"]
[BlackElo "1220"]
[Opening "two knights: Max Lange attack"]
[ECO "C44"]
[NIC "SO.06"]
[Time "17:45:25"]
[PlyCount "37"]
[TimeControl "2400+10"]

1. e4 e5 2. Nf3 Nc6 3. d4 exd4 4. Bc4 Bc5 5. O-O Nf6 6. e5 d5 7. exf6 dxc4
8. Re1+ Be6 9. Ng5 Qxf6 10. Nxe6 fxe6 11. Qh5+ g6 12. Qxc5 Rf8 13. f3 O-O-O
14. Bg5 Qg7 15. Bxd8 Rxd8 16. Qxc4 d3 17. cxd3 Qxb2 18. Nc3 Nb4 19. Rab1
{Black resigns}
1-0

[Event "ICC tourney 2834 (40 10)"]
[Site "Internet Chess Club"]
[Date "2022.02.26"]
[Round "4"]
[White "YUAN, DAVID:David1250"]
[Black "FILOSOFOV, VASILII:Filosofov"]
[Result "0-1"]
[ICCResult "White resigns"]
[WhiteElo "1293"]
[BlackElo "1379"]
[Opening "French: advance variation"]
[ECO "C02"]
[NIC "FR.03"]
[Time "17:45:17"]
[PlyCount "68"]
[TimeControl "2400+10"]

1. e4 e6 2. d4 d5 3. e5 c5 4. c3 Qb6 5. Bd3 cxd4 6. cxd4 Nc6 7. Ne2 Bd7 8.
Bc2 Rc8 9. a3 Nh6 10. Bxh6 Qxb2 11. Nbc3 Nxd4 12. Ra2 Nxc2+ 13. Qxc2 Qxc2
14. Rxc2 gxh6 15. O-O Bg7 16. f4 O-O 17. Rf3 f6 18. Rg3 fxe5 19. fxe5 Kh8
20. Rb2 Bxe5 21. Re3 Bxc3 22. Rxc3 Rxc3 23. Nxc3 Bc6 24. Re2 d4 25. Nd1 Bb5
26. Re1 e5 27. Nb2 e4 28. a4 Ba6 29. h3 e3 30. Nd1 e2 31. Nf2 d3 32. Ne4
Rf1+ 33. Rxf1 exf1=Q+ 34. Kxf1 d2+ {White resigns} 0-1

[Event "ICC tourney 2834 (40 10)"]
[Site "Internet Chess Club"]
[Date "2022.02.26"]
[Round "4"]
[White "VIJAYABHARATHI, SACHIN:sachinv24"]
[Black "STONE, GILBERT L:tightfist"]
[Result "0-1"]
[ICCResult "White resigns"]
[WhiteElo "320"]
[BlackElo "1317"]
[Opening "French defense"]
[ECO "C00"]
[NIC "FR.01"]
[Time "17:46:13"]
[PlyCount "39"]
[TimeControl "2400+10"]

1. e4 e6 2. Nf3 d5 3. exd5 exd5 4. Ne5 Nf6 5. d4 a6 6. Bg5 Be7 7. Bxf6 Bxf6
8. Bd3 Qe7 9. O-O O-O 10. Qh5 g6 11. Qh3 Bxh3 12. gxh3 Bxe5 13. dxe5 Qxe5
14. Nc3 c6 15. Rae1 Qg5+ 16. Kh1 Nd7 17. Rg1 Qh4 18. Ne2 Ne5 19. Nc1 Nf3 20.
Rg4 {White resigns} 0-1

[Event "ICC tourney 2834 (40 10)"]
[Site "Internet Chess Club"]
[Date "2022.02.26"]
[Round "4"]
[White "Mishra, Aakash:ttpq52"]
[Black "Li, Aaron:WindySmart"]
[Result "0-1"]
[ICCResult "White resigns"]
[WhiteElo "410"]
[BlackElo "687"]
[Opening "Giuoco Pianissimo: Italian four knights variation"]
[ECO "C47"]
[NIC "KP.06"]
[Time "17:45:28"]
[PlyCount "60"]
[TimeControl "2400+10"]

1. e4 e5 2. Nf3 Nc6 3. Nc3 Nf6 4. Bc4 Bc5 5. d3 h6 6. O-O d6 7. Be3 Bb6 8.
h3 O-O 9. a3 Be6 10. Nd5 Bxd5 11. exd5 Ne7 12. d4 Nexd5 13. dxe5 dxe5 14.
Nxe5 Bxe3 15. Bxd5 Nxd5 16. c4 Bf4 17. Qd4 Bxe5 18. Qxe5 Nf6 19. Rad1 Qc8
20. Rd3 Qe6 21. Qc3 Rad8 22. Rg3 g6 23. Qc1 Kh7 24. h4 Rd4 25. Rh3 Qxc4 26.
g4 Rxg4+ 27. Kh1 Qe4+ 28. f3 Qd5 29. Kh2 Rc4 30. Qf4 Rxf4 {White resigns}
0-1

[Event "ICC tourney 2834 (40 10)"]
[Site "Internet Chess Club"]
[Date "2022.02.26"]
[Round "4"]
[White "Rastogi, Viraj:masterviraj"]
[Black "QIAO, RICHARDSON JINGSI:Richardsonqiao"]
[Result "0-1"]
[ICCResult "White checkmated"]
[WhiteElo "716"]
[BlackElo "495"]
[Opening "Giuoco Piano"]
[ECO "C50"]
[NIC "IG.02"]
[Time "17:45:26"]
[PlyCount "136"]
[TimeControl "2400+10"]

1. e4 e5 2. Nf3 Nc6 3. Bc4 Bc5 4. O-O Nf6 5. d3 h6 6. Nc3 O-O 7. Bd2 d6 8.
h3 Re8 9. Na4 Bb6 10. c3 Na5 11. Nxb6 axb6 12. Bb3 Be6 13. Bxe6 Rxe6 14. Re1
Qd7 15. Qe2 Rae8 16. Nh4 d5 17. exd5 Nxd5 18. Qf3 Nf6 19. Nf5 e4 20. Qg3 g6
21. Nxh6+ Kf8 22. Ng4 Nxg4 23. hxg4 exd3 24. Rxe6 Rxe6 25. Qh4 Re2 26. Qh8+
Ke7 27. Bg5+ Kd6 28. Qd4+ Kc6 29. Qf6+ Qe6 30. Qf3+ Qd5 31. Rd1 Qxf3 32.
gxf3 Rxb2 33. Rxd3 Rxa2 34. Re3 Ra1+ 35. Kg2 Nc4 36. Re7 Nd6 37. Bf4 f5 38.
Bxd6 Kxd6 39. Rg7 fxg4 40. Rxg6+ Kd5 41. fxg4 Rc1 42. Rf6 Rxc3 43. g5 Rc4
44. Kg3 Ke5 45. Rf3 b5 46. g6 Rc6 47. Re3+ Kf5 48. Rb3 Rxg6+ 49. Kf3 c6 50.
Ke3 Rg4 51. f3 Rc4 52. Rd3 b4 53. Rb3 b5 54. Kf2 c5 55. Kg3 Rc3 56. Rb2 b3
57. Kf2 Rc2+ 58. Rxc2 bxc2 59. Ke2 c1=Q 60. Kf2 Qd2+ 61. Kg3 Qe3 62. Kg2 Kf4
63. Kh1 Qxf3+ 64. Kg1 Kg4 65. Kh2 b4 66. Kg1 Qe2 67. Kh1 Kg3 68. Kg1 Qe1#
{White checkmated}
0-1

[Event "ICC tourney 2834 (40 10)"]
[Site "Internet Chess Club"]
[Date "2022.02.26"]
[Round "4"]
[White "HAMLETT, JAMES MORRISON:Hamlett144"]
[Black "PARAGUA, MEGAN ALTHEA:PrincessOfChess"]
[Result "0-1"]
[ICCResult "White resigns"]
[WhiteElo "1216"]
[BlackElo "1490"]
[Opening "Sicilian: closed"]
[ECO "B23"]
[NIC "SI.44"]
[Time "17:46:13"]
[PlyCount "68"]
[TimeControl "2400+10"]

1. e4 c5 2. Nc3 d6 3. f4 Nf6 4. Bb5+ Bd7 5. Bxd7+ Qxd7 6. Nf3 e6 7. O-O Be7
8. d3 O-O 9. e5 dxe5 10. fxe5 Nd5 11. Ne4 Nc6 12. c4 Ndb4 13. Nf2 Rad8 14.
a3 Nxd3 15. Nxd3 Qxd3 16. Qa4 a6 17. Bd2 Nxe5 18. Nxe5 Qxd2 19. Nf3 Qxb2 20.
Rab1 Qe2 21. Rxb7 Bf6 22. Qxa6 Bd4+ 23. Nxd4 cxd4 24. Rf2 Qe1+ 25. Rf1 Qe3+
26. Rf2 d3 27. Rb3 Qe1+ 28. Rf1 d2 29. Rb1 Qe3+ 30. Kh1 Qd3 31. Qa4 Rd4 32.
Qa7 Qxb1 33. Rxb1 d1=Q+ 34. Rxd1 Rxd1+ {White resigns} 0-1

[Event "ICC tourney 2834 (40 10)"]
[Site "Internet Chess Club"]
[Date "2022.02.26"]
[Round "4"]
[White "JACOBS, STEVE:Steviejay"]
[Black "Pe, Joe Mari:jmpe"]
[Result "0-1"]
[ICCResult "White resigns"]
[WhiteElo "1229"]
[BlackElo "1377"]
[Opening "Old Benoni defense"]
[ECO "A43"]
[NIC "OI.09"]
[Time "17:45:37"]
[PlyCount "56"]
[TimeControl "2400+10"]

1. d4 c5 2. c3 cxd4 3. cxd4 d6 4. Nf3 g6 5. Bg5 Bg7 6. e3 Bg4 7. Be2 Bxf3 8.
Bxf3 Qa5+ 9. Qd2 Qb6 10. Nc3 Nc6 11. a3 Rc8 12. O-O Na5 13. Qe2 Nc4 14. Rab1
Qa5 15. Rfd1 Qxg5 16. Bxb7 Rc7 17. Bf3 Nf6 18. h3 O-O 19. Rdc1 Rfc8 20. d5
Nxa3 21. bxa3 Rxc3 22. Rxc3 Rxc3 23. Rb8+ Bf8 24. Qa6 Qe5 25. g3 Nxd5 26.
Bxd5 Rc1+ 27. Kh2 Qxd5 28. g4 Qf3 {White resigns} 0-1

[Event "ICC tourney 2834 (40 10)"]
[Site "Internet Chess Club"]
[Date "2022.02.26"]
[Round "4"]
[White "DING, OLIVIA:antpower0"]
[Black "ZHOU, ALEXANDER ZHENG:Lailaiking"]
[Result "0-1"]
[ICCResult "White checkmated"]
[WhiteElo "814"]
[BlackElo "1109"]
[Opening "QGD Slav defense"]
[ECO "D10"]
[NIC "SL.01"]
[Time "17:45:20"]
[PlyCount "140"]
[TimeControl "2400+10"]

1. d4 d5 2. c4 c6 3. Nc3 Nf6 4. Bf4 Bf5 5. Nf3 Nbd7 6. e3 e6 7. Bd3 Bg6 8.
O-O Be7 9. Re1 Bxd3 10. Qxd3 O-O 11. e4 dxe4 12. Nxe4 Nxe4 13. Qxe4 Nf6 14.
Qc2 Re8 15. Ne5 Bd6 16. Rad1 Qc7 17. c5 Bxe5 18. Bxe5 Qd7 19. Bxf6 gxf6 20.
Re3 f5 21. Rh3 f6 22. Rdd3 Re7 23. Rdg3+ Kh8 24. Qc3 Rg7 25. d5 Qxd5 26. f3
Qe5 27. Qxe5 fxe5 28. Rxg7 Kxg7 29. Kf2 Rd8 30. Rg3+ Kf6 31. Ke1 Kf7 32. Rh3
Rh8 33. g4 f4 34. Rh5 Kf6 35. Kd2 Rd8+ 36. Ke2 Rd7 37. Rh6+ Kg5 38. Rxe6 Rd5
39. Re7 Rxc5 40. Rxh7 Rc2+ 41. Kd3 Rxb2 42. Ke4 Re2+ 43. Kd3 Re3+ 44. Kd2
Rxf3 45. Rxb7 Kxg4 46. Rxa7 Rf2+ 47. Kc3 Rxh2 48. a4 f3 49. Rf7 Ra2 50. Kb4
c5+ 51. Kxc5 Rxa4 52. Kd5 e4 53. Rg7+ Kf4 54. Rf7+ Ke3 55. Rh7 f2 56. Rh1
Ke2 57. Ke5 f1=Q 58. Rxf1 Kxf1 59. Kf4 Kf2 60. Ke5 e3 61. Kf5 e2 62. Kg5
e1=Q 63. Kf5 Qa5+ 64. Ke6 Re4+ 65. Kd6 Qa6+ 66. Kd7 Re6 67. Kc7 Qc6+ 68. Kb8
Re8+ 69. Ka7 Re7+ 70. Kb8 Qe8# {White checkmated} 0-1

[Event "ICC tourney 2834 (40 10)"]
[Site "Internet Chess Club"]
[Date "2022.02.26"]
[Round "4"]
[White "MADALA, MANASVI:K05-30147205"]
[Black "KINKUS, SAM E:Grandslam34"]
[Result "0-1"]
[ICCResult "White checkmated"]
[WhiteElo "609"]
[BlackElo "799"]
[Opening "King's pawn opening"]
[ECO "B07"]
[NIC "VO.17"]
[Time "17:45:26"]
[PlyCount "54"]
[TimeControl "2400+10"]

1. e4 d6 2. Nf3 c6 3. Nc3 e5 4. Bc4 h6 5. d4 Nd7 6. dxe5 dxe5 7. O-O Qc7 8.
Be3 Ngf6 9. Re1 b5 10. Bb3 b4 11. Na4 Nxe4 12. Bd2 Nxd2 13. Qxd2 Be7 14. c3
a5 15. cxb4 Bxb4 16. Qe2 Bxe1 17. Rxe1 O-O 18. Qe4 Nf6 19. Qd3 e4 20. Qe3
exf3 21. Qxf3 Ng4 22. g3 Nf6 23. Qd3 Bh3 24. Bc2 Qb7 25. Qf3 Rae8 26. Rxe8
Rxe8 27. Nc5 Re1# {White checkmated} 0-1